 Dungeon Crawl Stone Soup version 0.31.0 (webtiles) character file.

Game seed: 8489262754961407877

14763 gelatine the Arsonist (level 11, -6/85 HPs)
             Began as a Demonspawn Fire Elementalist on Jan 19, 2024.
             Was a High Priest of Vehumet.
             Mangled by a manticore (8 damage)
             ... on level 2 of the Lair of Beasts.
             The game lasted 00:40:27 (10523 turns).

gelatine the Arsonist (DsFE)                       Turns: 10523, Time: 00:40:27

Health: -6/85      AC: 10    Str:  8    XL:     11   Next: 93%
Magic:  4/22       EV: 15    Int: 21    God:    Vehumet [*****.]
Gold:   566        SH:  4    Dex: 19    Spells: 1/25 levels left

rFire   + . .        N - +7 long sword of Last {pain, rF+ rC+ rN+}
rCold   + + .        (no shield)
rNeg    + . .        J - +1 leather armour {rC+}
rPois   .            k - +1 hat
rElec   +            p - scarf {shadows}
rCorr   .            q - +2 pair of gloves
SInv    .            u - +0 pair of boots
Will    .....        m - amulet of magic regeneration
Stlth   ++           n - +6 ring of dexterity
HPRegen 0.34/turn    P - ring of wizardry
MPRegen 0.58/turn

%: wizardry (x1)
@: brilliant
A: rugged brown scales 1, foul stench 1, condensation shield, demonic touch 1,
electricity resistance
a: Renounce Religion


You were on level 2 of the Lair of Beasts.
You worshipped Vehumet.
Vehumet was extremely pleased with you.
You visited 3 branches of the dungeon, and saw 12 of its levels.

You collected 687 gold pieces.
You spent 121 gold pieces at shops.

Inventory:

Hand Weapons
 f - a +0 dagger
 v - a +0 vampiric dagger
 y - a +2 dagger of draining
 C - a +5 whip
 I - a +3 hand axe of flaming
 N - the +7 long sword of Last (weapon) {pain, rF+ rC+ rN+}
   (You found it on level 2 of the Lair of Beasts)

   rF+:       It protects you from fire.
   rC+:       It protects you from cold.
   rN+:       It protects you from negative energy.
Missiles
 D - a throwing net
Armour
 a - a +0 robe
 k - a +1 hat (worn)
 p - a scarf of shadows (worn)
 q - a +2 pair of gloves (worn)
 u - a +0 pair of boots (worn)
 J - a +1 leather armour of cold resistance (worn)
Jewellery
 m - an amulet of magic regeneration (around neck)
 n - a +6 ring of dexterity (left hand)
 x - a +6 ring of dexterity
 z - a ring of positive energy
 O - an amulet of regeneration
 P - a ring of wizardry (right hand)
Wands
 F - a wand of acid (4)
 G - a wand of flame (6)
Scrolls
 g - 5 scrolls of revelation
 i - 5 scrolls of amnesia
 j - 2 scrolls of silence
 l - a scroll of immolation
 o - a scroll of fog
 r - 3 scrolls of vulnerability
 t - a scroll of poison
 w - 2 scrolls of enchant armour
 A - 2 scrolls of enchant weapon
 B - a scroll of torment {unknown}
 H - a scroll of teleportation {unknown}
 K - a scroll of noise {unknown}
 M - a scroll of acquirement
Potions
 b - 2 potions of magic
 c - a potion of brilliance
 d - 2 potions of attraction
 e - 3 potions of mutation
 h - 5 potions of curing
 s - a potion of might
 E - a potion of berserk rage
 L - 2 potions of haste


   Skills:
 * Level 6.5 Fighting
 + Level 1.4 Short Blades
 + Level 0.2(0.9) Long Blades
 + Level 1.4 Armour
 * Level 6.2 Dodging
 + Level 3.0 Stealth
 * Level 5.5 Shields
 + Level 7.9 Spellcasting
 * Level 6.1 Conjurations
 + Level 3.0 Hexes
 * Level 1.2 Necromancy
 + Level 3.2 Translocations
 + Level 8.4 Fire Magic
 + Level 3.1 Alchemy
 + Level 4.4 Evocations


You had one spell level left.
You knew the following spells:

 Your Spells              Type           Power      Damage    Failure   Level
a - Foxfire               Conj/Fire      100%       2x1d9     1%          1
b - Scorch                Fire           100%       2d9       1%          2
c - Volatile Blastmotes   Fire/Tloc      98%        2d18      1%          3
d - Inner Flame           Hex/Fire       48%        N/A       1%          3
e - Flame Wave            Conj/Fire      55%        2d13      1%          4
f - Sting                 Conj/Alch      100%       1d9       1%          1
g - Olgreb's Toxic Radia  Alch           32%        N/A       3%          4
h - Starburst             Conj/Fire      27%        6d9       9%          6

Your spell library contained the following spells:

 Spells                   Type           Power      Damage    Failure   Level
 Magic Dart               Conj           100%       1d8       1%          1
 Blink                    Tloc           66%        N/A       1%          2
 Lesser Beckoning         Tloc           66%        N/A       1%          2
 Momentum Strike          Conj/Tloc      84%        3d10      1%          2
 Hailstorm                Conj/Ice       31%        3d8       1%          3
 Call Imp                 Summ           24%        N/A       7%          2
 Summon Ice Beast         Ice/Summ       12%        N/A       14%         3
 Sculpt Simulacrum        Ice/Alch       11%        N/A       97%         6


Dungeon Overview and Level Annotations

Branches:
Dungeon (9/15)             Temple (1/1) D:7            Lair (2/5) D:8
 Shoals (0/4) Lair:2       Spider (0/4) Lair:2
    Orc: D:9-12

Altars:
Ashenzari
Cheibriados
Dithmenos
Fedhas
Gozag
Hepliaklqana
Kikubaaqudgha
Makhleb
Nemelex Xobeh
Okawaru
Qazlal
Ru
Sif Muna
Trog
Uskayaw
Vehumet
Wu Jian
Yredelemnul

Shops:
D:3 ?   D:4 (   D:6 *


Innate Abilities, Weirdness & Mutations

You are partially covered in rugged brown scales. (AC +1, +3% HP)
You may rarely emit foul miasma when damaged in melee.
A meltable shield of frost defends you. (SH +4)
Your touch may inflict minor irresistible damage on your foes.
You are resistant to electric shocks. (rElec)


Message History

The wind drake is almost dead.
The wind drake flaps its wings at you. The air twists around and strikes you!
The wind drake flaps its wings at you. The air twists around and strikes you.
The manticore bites you!! You block the manticore's attack.
The manticore closely misses you.
You slash the wind drake!
You kill the wind drake!
Vehumet accepts your kill. You block the manticore's attack.
The manticore completely misses you. x2
Unknown command.
Casting: Starburst (dangerous; 9% risk of failure)
Confirm with . or Enter, or press ? or * to list all spells.
Casting: Starburst (dangerous; 9% risk of failure)
Press: ? - help, Dir - look around, f - activate The bolt of fire hits the manticore!
The manticore is heavily wounded.
The manticore misses you. The manticore barely misses you.
The manticore misses you.
Unknown command.
You barely miss the manticore.
You touch the manticore!
The manticore is severely wounded.
The manticore bites you!
* * * LOW HITPOINT WARNING * * *
The manticore closely misses you. The manticore claws you!
* * * LOW HITPOINT WARNING * * *
The manticore bites you but does no damage.
The manticore misses you. The manticore closely misses you.
Okay, then.
Okay, then.
You feel clever all of a sudden. The manticore bites you!
* * * LOW HITPOINT WARNING * * *
The manticore closely misses you.
The manticore claws you but does no damage.
You hit the manticore.
The manticore writhes in agony.
You touch the manticore!
The manticore is almost dead.
The manticore bites you but does no damage.
The manticore claws you!
You die...

.......##......
.......##..............
.........P............>
.......................
.......................
..#.#.#................
...#####..........†...>
.##.###..P###...†H.....
..........# #...@#.....
........###...## ....
.........#....P# ...
.................. ..
.................. .
...................
.............#.#...
........#...###..
.#.###.######


You could see a manticore.

Vanquished Creatures
  A hydra (Lair:2)
  A two-headed ogre (D:9)
  An orb spider (Lair:2)
  3 black mambas (Lair:1)
  A cane toad (Lair:1)
  An unseen horror (D:7)
  2 komodo dragons (Lair:2)
  A rime drake (Lair:2)
  A wind drake (Lair:2)
  8 blink frogs
  A vampire (D:9)
  Grum (D:6)
  A fire elemental (Lair:2)
  A basilisk (Lair:1)
  15 yaks
  A steam dragon (D:7)
  An acid dragon (D:9)
  7 water moccasins
  3 orc warriors
  3 ice beasts
  An ogre (D:4)
  23 wolves
  3 centaurs
  A phantom (D:7)
  A weeping skull (D:6)
  7 bullfrogs
  A gnoll sergeant (D:6)
  3 scorpions (D:4)
  6 killer bees (D:8)
  A howler monkey (D:5)
  10 hounds
  3 bombardier beetles
  6 orc priests
  3 gnoll boudas
  2 jellies
  A sleepcap (D:4)
  4 iguanas
  11 orc wizards
  21 gnolls
  10 adders
  2 ribbon worms
  A dart slug (D:1)
  39 orcs
  8 ball pythons
  8 endoplasms
  2 giant cockroaches
  4 hobgoblins
  3 kobolds (D:1)
  A quokka (D:1)
  2 bats (D:1)
  4 goblins
  5 rats
  A spectral orc (D:6)
  A butterfly (D:7)
253 creatures vanquished.

Vanquished Creatures (collateral kills)
  3 foxfires
3 creatures vanquished.

Vanquished Creatures (others)
  An orc wizard (D:5)
  809 foxfires
810 creatures vanquished.

Grand Total: 1066 creatures vanquished

Notes
Turn   | Place    | Note
-------+----------+-------------------------------------------
     0 | D:1      | gelatine the Demonspawn Fire Elementalist began the quest
                  | for the Orb.
     0 | D:1      | Reached XP level 1. HP: 13/13 MP: 3/3
   179 | D:1      | Reached skill level 3 in Fire Magic
   181 | D:1      | Gained mutation: You are partially covered in rugged brown
                  | scales. (AC +1, +3% HP) [demonic ancestry]
   181 | D:1      | Reached XP level 2. HP: 12/19 MP: 0/5
  1321 | D:1      | Learned a level 2 spell: Scorch
  1495 | D:2      | Found a faded altar of an unknown god.
  1599 | D:2      | Gained mutation: You may rarely emit foul miasma when
                  | damaged in melee. [demonic ancestry]
  1599 | D:2      | Reached XP level 3. HP: 23/24 MP: 4/6
  2045 | D:3      | Found Zagoubic's Magic Scroll Shop.
  2052 | D:3      | Bought a scroll of enchant armour for 82 gold pieces
  2885 | D:4      | Noticed a scorpion
  2889 | D:4      | Killed a scorpion
  2890 | D:4      | Reached skill level 1 in Fighting
  2890 | D:4      | Gained mutation: A meltable shield of frost defends you.
                  | (SH +4) [demonic ancestry]
  2890 | D:4      | Reached XP level 4. HP: 32/32 MP: 3/8
  2935 | D:4      | Found Faehepli's Antique Weapon Emporium.
  2967 | D:4      | Noticed an ogre
  2977 | D:4      | Killed an ogre
  2978 | D:4      | Reached skill level 4 in Fire Magic
  2978 | D:4      | Reached XP level 5. HP: 27/38 MP: 5/9
  3020 | D:4      | Found a radiant altar of Vehumet.
  3039 | D:4      | Became a worshipper of Vehumet
  3184 | D:4      | Reached skill level 1 in Short Blades
  3231 | D:4      | Reached XP level 6. HP: 45/45 MP: 8/10
  3306 | D:4      | Found an ornate altar of the Wu Jian Council.
  3744 | D:4      | Learned a level 3 spell: Volatile Blastmotes
  3748 | D:4      | Learned a level 3 spell: Inner Flame
  3759 | D:4      | Reached skill level 1 in Shields
  3796 | D:4      | Reached XP level 7. HP: 51/51 MP: 6/12
  3921 | D:5      | Entered Level 5 of the Dungeon
  3943 | D:5      | Reached * piety under Vehumet
  3943 | D:5      | Offered knowledge of Kiss of Death by Vehumet.
  4121 | D:5      | Reached skill level 1 in Hexes
  4322 | D:5      | Reached skill level 1 in Translocations
  4414 | D:5      | Reached skill level 5 in Fire Magic
  4460 | D:5      | Gained mutation: Your touch may inflict minor irresistible
                  | damage on your foes. [demonic ancestry]
  4460 | D:5      | Reached XP level 8. HP: 38/58 MP: 10/14
  4936 | D:6      | Learned a level 4 spell: Flame Wave
  4941 | D:6      | Found a snail-covered altar of Cheibriados.
  4974 | D:6      | Offered knowledge of Sting by Vehumet.
  4977 | D:6      | Learned a level 1 spell: Sting
  5039 | D:6      | Reached ** piety under Vehumet
  5168 | D:6      | Noticed Grum
  5177 | D:6      | Killed Grum
  5403 | D:6      | Reached skill level 1 in Alchemy
  5492 | D:6      | Found a basalt altar of Yredelemnul.
  5682 | D:6      | Found Yxopnios's General Store.
  5686 | D:6      | Bought a potion of curing for 39 gold pieces
  5873 | D:7      | Reached XP level 9. HP: 65/65 MP: 11/16
  5891 | D:7      | Reached skill level 5 in Spellcasting
  5964 | D:7      | Found a staircase to the Ecumenical Temple.
  5987 | Temple   | Entered the Ecumenical Temple
  6017 | D:7      | Killed an unseen horror
  6018 | D:7      | Reached skill level 6 in Fire Magic
  6173 | D:7      | Found a burning altar of Makhleb.
  6193 | D:7      | Offered knowledge of Searing Ray by Vehumet.
  6667 | D:7      | Found an opulent altar of Gozag.
  6668 | D:7      | Found a blossoming altar of Fedhas.
  6668 | D:7      | Found a bloodstained altar of Trog.
  6670 | D:7      | Found a shimmering blue altar of Sif Muna.
  6949 | D:8      | Found a staircase to the Lair.
  6952 | D:8      | Gained mutation: You have an increased reservoir of magic.
                  | (+10% MP) [potion of mutation]
  6952 | D:8      | Gained mutation: You occasionally lose the ability to read
                  | scrolls when taking damage. [potion of mutation]
  6953 | D:8      | Lost mutation: You occasionally lose the ability to read
                  | scrolls when taking damage. [potion of mutation]
  6953 | D:8      | Lost mutation: You have an increased reservoir of magic.
                  | (+10% MP) [potion of mutation]
  6953 | D:8      | Gained mutation: You are resistant to electric shocks.
                  | (rElec) [potion of mutation]
  7143 | D:8      | Reached *** piety under Vehumet
  7667 | D:8      | Reached XP level 10. HP: 69/74 MP: 13/19
  7769 | D:8      | Offered knowledge of Frozen Ramparts by Vehumet.
  7986 | D:9      | Noticed a two-headed ogre
  7995 | D:9      | Killed a two-headed ogre
  8136 | D:9      | Reached skill level 1 in Evocations
  8146 | D:9      | Reached skill level 5 in Dodging
  8323 | D:9      | Noticed a deep elf pyromancer
  8328 | D:9      | Noticed a two-headed ogre
  8347 | D:9      | HP: 3/75 [fire elemental[a deep elf pyromancer] (9)]
  8594 | Lair:1   | Entered Level 1 of the Lair of Beasts
  8612 | Lair:1   | Noticed a black mamba
  8639 | Lair:1   | Killed a black mamba
  8640 | Lair:1   | Reached skill level 5 in Conjurations
  8640 | Lair:1   | Reached skill level 7 in Fire Magic
  8750 | Lair:1   | Noticed a black mamba
  8757 | Lair:1   | Killed a black mamba
  8758 | Lair:1   | Reached **** piety under Vehumet
  8997 | Lair:1   | Reached skill level 5 in Fighting
  9034 | Lair:1   | Noticed a cane toad
  9043 | Lair:1   | Killed a cane toad
  9050 | Lair:1   | Offered knowledge of Olgreb's Toxic Radiance by Vehumet.
  9052 | Lair:1   | Reached XP level 11. HP: 68/82 MP: 16/21
  9063 | Lair:1   | Learned a level 4 spell: Olgreb's Toxic Radiance
  9176 | Lair:1   | Reached skill level 1 in Armour
  9354 | Lair:1   | Found an ornate altar of the Wu Jian Council.
  9706 | Lair:2   | Reached skill level 8 in Fire Magic
  9730 | Lair:2   | Reached skill level 5 in Shields
  9792 | Lair:2   | Noticed a five-headed hydra
  9804 | Lair:2   | Killed a five-headed hydra
  9804 | Lair:2   | Reached ***** piety under Vehumet
  9804 | Lair:2   | Offered knowledge of Starburst by Vehumet.
  9945 | Lair:2   | Identified the +7 long sword of Last {pain, rF+ rC+ rN+}
  9954 | Lair:2   | Learned a level 6 spell: Starburst
 10113 | Lair:2   | Noticed an orb spider
 10297 | Lair:2   | Found a hole to the Spider Nest.
 10301 | Lair:2   | Killed an orb spider
 10357 | Lair:2   | Reached skill level 1 in Necromancy
 10468 | Lair:2   | Identified a scroll of acquirement
 10509 | Lair:2   | Found a staircase to the Shoals.
 10522 | Lair:2   | HP: 1/85 [manticore (12)]
 10523 | Lair:2   | Mangled by a manticore

Illustrated notes

Levels and vault maps discovered:
D:1:      minmay_arrival_radiant_lines, layout_basic, hangedman_decor_points
D:2:      layout_basic, hellmonk_ecumenical_altar_pennies_from_heaven
D:3:      layout_basic, serial_shops, shop_statue, serial_curves,
          eino_curves_04, eino_curves_03, eino_curves_01
D:4:      layout_loops_ring, fiery_altar_vehumet, zin_academy,
          amcnicky_altar_gilded, serial_shops, shop
D:5:      layout_basic
D:6:      layout_cave_pools, slow_altar_1, yredelemnul_forgotten_temple_becter,
          serial_gnoll_camp, grums_kennel, gnoll_camp_mini_shop,
          gnoll_camp_mini_sergeant, gnoll_camp_mini_hut, minmay_misc_feat_five,
          hangedman_decor_push
D:7:      layout_cave_pods, chequers_temple_overflow_statue_of_worship,
          bloody_makhleb, minmay_temple_entry_butterflies
D:8:      layout_layer_cave, erik_lair_orcish_takeover
D:9:      layout_rooms
Temple:   hellmonk_temple_of_storms
Lair:1:   layout_long_grid, basic_altar, infiniplex_staircase_pool_2
Lair:2:   layout_gridlike, minmay_shoals_entry_beasts,
          nicolae_spider_entry_orb_guardian, lemuel_fruit_tree

Skill      XL: |  1  2  3  4  5  6  7  8  9 10 11 |
---------------+----------------------------------+-----
Fire Magic     | 3 4 5 6 7 8 |  8.4
Stealth        | 2 3 |  3.0
Fighting       | 1 2 3 4 5 6 |  6.5
Dodging        | 2 3 4 5 6 |  6.2
Spellcasting   | 3 4 6 7 |  7.9
Short Blades   | 1 |  1.4
Conjurations   | 2 3 4 5 6 |  6.1
Shields        | 1 2 3 4 5 |  5.5
Hexes          | 1 2 3 |  3.0
Translocations | 1 2 3 |  3.2
Alchemy        | 1 2 3 |  3.1
Evocations     | 3 4 |  4.4
Armour         | 1 |  1.4
Necromancy     | 1 |  1.2
Long Blades    | |  0.2

Action                     |  1- 3 |  4- 6 |  7- 9 | 10-12 || total
---------------------------+-------+-------+-------+-------++-------
  Melee: Dagger            |     7 |    21 |    22 |     2 ||    52
         Punch             |       |     3 |     2 |     1 ||     6
         Touch             |       |       |     2 |     4 ||     6
         Long sword        |       |       |       |    13 ||    13
   Cast: Foxfire           |    85 |    34 |   218 |   115 ||   452
         Scorch            |     4 |    34 |   103 |    68 ||   209
         Volatile Blastmot |       |       |    15 |     8 ||    23
         Inner Flame       |       |       |     5 |     6 ||    11
         Flame Wave        |       |       |     3 |    16 ||    19
         Starburst         |       |       |       |     7 ||     7
         Olgreb's Toxic Ra |       |       |       |     5 ||     5
    Use: Scroll            |    10 |     1 |     4 |     3 ||    18
         Potion            |       |     1 |     2 |     2 ||     5
 Armour: Robe              |    14 |    12 |    52 |     1 ||    79
         Leather armour    |       |       |       |    93 ||    93
  Dodge: Dodged            |    10 |    16 |    37 |   101 ||   164
  Block: Other             |       |     5 |    12 |    16 ||    33
